[Event "*** MasterClass Titled Tuesday Blitz"]
[Site "Chess.com"]
[Date "2017.12.12"]
[Round "3"]
[White "BilodeauA"]
[Black "RoelandPruijssers"]
[Result "1-0"]
[WhiteElo "2741"]
[BlackElo "2436"]
[TimeControl "180+2"]
[EndTime "13:33:44 PST"]
[Termination "BilodeauA won by checkmate"]

1. e4 c5 2. Nf3 d6 3. d4 cxd4 4. Nxd4 Nf6 5. Nc3 a6 6. Be2 e5 7. Nb3 Be7 8. O-O O-O 9. Re1 Be6 10. Bf3 Nbd7 11. a4 b6 12. Nd2 Qc7 13. Nf1 Qb7 14. Ne3 b5 15. Be2 b4 16. Ncd5 Bxd5 17. Nxd5 Nxd5 18.
exd5 f5 19. c4 Nc5 20. Bd3 e4 21. Bf1 Bf6 22. Rb1 Be5 23. f4 Bf6 24. Be3 Rac8 25. b3 g6 26. Be2 Qg7 27. Kh1 h6 28. g4 fxg4 29. Bxg4 Rce8 30. Rg1 Nd3 31. Bh5 g5 32. Bxe8 Rxe8 33. fxg5 hxg5 34. Qh5 Re5 35. Rbf1 a5 36. h4 Qh8 37. Qg6+ Bg7 38. Qf7+ Kh7 39. Rxg5 Qc8 40. Qxg7# 1-0

[Event "*** MasterClass Titled Tuesday Blitz"]
[Site "Chess.com"]
[Date "2017.12.12"]
[Round "3"]
[White "Annawel"]
[Black "vanea_03"]
[Result "1-0"]
[WhiteElo "2749"]
[BlackElo "2534"]
[TimeControl "180+2"]
[EndTime "13:33:46 PST"]
[Termination "Annawel won by resignation"]

1. Nf3 d5 2. g3 c6 3. Bg2 Bg4 4. O-O Nd7 5. h3 Bh5 6. d3 e6 7.
c4 Bc5 8. Nbd2 Ne7 9. b3 O-O 10.
Bb2 f6 11. a3 a5 12. Qc2 Kh8 13. e4 Rc8 14. Rfe1 e5 15. d4 exd4 16. Bxd4 Bxd4 17. Nxd4 Bf7 18. c5 Ne5 19. Rad1 b6 20. b4 axb4 21. axb4 bxc5 22. bxc5 Qa5 23. exd5 Bxd5 24. f4 N5g6 25. h4 Bxg2 26. Kxg2 Nd5 27. h5 Nge7 28. h6 gxh6 29. Ne6 Rg8 30. Nc4 Qb4 31. Rb1 Qc3 32. Qxc3 Nxc3 33. Nd6 Rcf8 34. Rb7 Ncd5 35. Nxf8 Nxf4+ 36. Kf3 1-0

[Event "*** MasterClass Titled Tuesday Blitz"]
[Site "Chess.com"]
[Date "2017.12.12"]
[Round "3"]
[White "djano"]
[Black "maciek_92"]
[Result "1-0"]
[WhiteElo "2380"]
[BlackElo "2489"]
[TimeControl "180+2"]
[EndTime "13:33:46 PST"]
[Termination "djano won by resignation"]

1. Nc3 Nf6 2. d4 d5 3. Bf4 e6 4. e3 a6 5. Nf3 c5 6. dxc5 Bxc5 7.
Bd3 Nc6 8. a3 Qe7 9. O-O h6 10.
Ne5 Nd7 11. Nxc6 bxc6 12. e4 Bb7 13. e5 g5 14. Bg3 h5 15. h3 Ba7 16. Na4 g4 17. h4 Nb6 18. b3 Nxa4 19. bxa4 Qc7 20. Rb1 Rb8 21. Qd2 Kd7 22. Qf4 Rbf8 23. Qb4 Bc8 24.
c4 f5 25. cxd5 f4 26. dxe6+ Kxe6 27. Bxf4 Qd7 28. Rbd1 Qb7 29. Qd6+ Kf7 30. Qg6+ Ke7 31. Bg5+ Kd7 32. Bxa6+ 1-0

[Event "*** MasterClass Titled Tuesday Blitz"]
[Site "Chess.com"]
[Date "2017.12.12"]
[Round "3"]
[White "ChainsOfFantasia"]
[Black "ShimanovAlex"]
[Result "0-1"]
[WhiteElo "2485"]
[BlackElo "2651"]
[TimeControl "180+2"]
[EndTime "13:33:55 PST"]
[Termination "ShimanovAlex won by resignation"]

1. d4 Nf6 2. Nf3 g6 3. c4 Bg7 4.
Nc3 O-O 5. e4 d6 6. Be2 Na6 7.
O-O e5 8. dxe5 dxe5 9. Be3 c6 10. b4 Qe7 11. a3 Nh5 12. Qc2 Nf4 13. Rfd1 Re8 14. Nd2 Nc7 15. Nb3 Nce6 16. g3 Nh3+ 17. Kg2 h5 18. Bf1 Neg5 19. Kh1 Bg4 20. Be2 Nf3 21.
Bc5 Qf6 22. Rf1 Nd4 23. Qd3 Nxb3 24. f3 Nxc5 25. bxc5 Be6 26. Rab1 Rad8 27. Qe3 Rd7 28. Rfd1 Red8 29. Nd5 cxd5 30. cxd5 Ng5 31. h4 Nh7 32. Bb5 Rc7 33. dxe6 Rxd1+ 34. Rxd1 Qxe6 35. Rd8+ Nf8 36. Qc3 Qh3+ 37. Kg1 Qxg3+ 38. Kf1 Qh3+ 39. Kf2 Qxh4+ 40. Ke3 Qxd8 0-1

[Event "*** MasterClass Titled Tuesday Blitz"]
[Site "Chess.com"]
[Date "2017.12.12"]
[Round "3"]
[White "Yaacovn"]
[Black "MaxLeto"]
[Result "1-0"]
[WhiteElo "2637"]
[BlackElo "2406"]
[TimeControl "180+2"]
[EndTime "13:33:57 PST"]
[Termination "Yaacovn won by resignation"]

1. d4 g6 2. Nf3 Bg7 3. c4 d6 4. Nc3 Bg4 5. g3 e5 6. dxe5 Bxf3 7.
exf3 Bxe5 8. Qe2 Ne7 9. Bh6 Qd7 10. Bg2 Nbc6 11. O-O Nf5 12. Bf4 Nfd4 13. Qe4 f5 14.
Qd5 Bxf4 15. Rae1+ Kf8 16. gxf4 Re8 17. Nb5 Ne2+ 18.
Kh1 Kg7 19. Qd2 Qe7 20. Nc3 Ncd4 21. Nxe2 Nxe2 22. Rg1 Qf6 23. Rxe2 Rxe2 24. Qxe2 Qf7 25. Re1 Kf6 1-0

[Event "*** MasterClass Titled Tuesday Blitz"]
[Site "Chess.com"]
[Date "2017.12.12"]
[Round "3"]
[White "Vincent_Vega95"]
[Black "ChessWarrior7197"]
[Result "1-0"]
[WhiteElo "2571"]
[BlackElo "2632"]
[TimeControl "180+2"]
[EndTime "13:34:05 PST"]
[Termination "Vincent_Vega95 won by resignation"]

1. Nf3 Nf6 2. c4 e6 3. Nc3 d5 4.
d4 a6 5. cxd5 exd5 6. Bg5 Be6 7.
e3 c6 8. Bd3 Bd6 9. Ne5 Nbd7 10. f4 g6 11. O-O Be7 12. f5 gxf5 13. Bxf5 Nf8 14. Qf3 Ng6 15. Bxf6 Bxf6 16. Bxe6 fxe6 17. Qxf6 Qxf6 18. Rxf6 Nxe5 19. Rxe6+ Kd7 20. Rxe5 b5 21. Rf1 Rhf8 22. Rh5 Rxf1+ 23. Kxf1 Rf8+ 24. Ke2 Rf7 25. Rh6 b4 26. Na4 Kc7 27. Nc5 a5 28. g4 Kb6 29. Nd3 Kb5 30. Rxc6 Rg7 31. Rc5+ Kb6 32. h3 b3 33. axb3 Rd7 34. Nf4 a4 35. bxa4 h5 36.
b4 hxg4 37. hxg4 Rh7 38. Nxd5+ Ka7 39. g5 Ka8 40. g6 Rg7 41. Nf4 Re7 42. Rf5 Re8 43.
g7 Kb7 44. Rf8 Re7 45. g8=Q 1-0

[Event "*** MasterClass Titled Tuesday Blitz"]
[Site "Chess.com"]
[Date "2017.12.12"]
[Round "3"]
[White "florianschwabeneder"]
[Black "krzyzan94"]
[Result "0-1"]
[WhiteElo "2472"]
[BlackElo "2616"]
[TimeControl "180+2"]
[EndTime "13:34:38 PST"]
[Termination "krzyzan94 won by resignation"]

1. e4 c5 2. Nf3 d6 3. g3 g6 4.
Bg2 Bg7 5. d4 cxd4 6. Nxd4 Nc6 7.
Ne2 h5 8. h3 Bd7 9. Nbc3 Qc8 10. Nf4 Nf6 11. Ncd5 Nxd5 12. exd5 Ne5 13. O-O h4 14. g4 Nxg4 15. hxg4 Bxg4 16. Bf3 Bf5 17. c3 g5 18. Ne2 g4 19. Bh1 Be5 20. Nd4 h3 21. Re1 g3 22. Rxe5 dxe5 23. Nxf5 Qxf5 24. fxg3 h2+ 25. Kg2 Rd8 26. Be3 Rd6 27. Qf3 Qh3+ 28. Kf2 Rf6 29. c4 Rxf3+ 30. Bxf3 Qf5 31. Kg2 h1=Q+ 0-1

[Event "*** MasterClass Titled Tuesday Blitz"]
[Site "Chess.com"]
[Date "2017.12.12"]
[Round "3"]
[White "rubhani"]
[Black "kereswasbest"]
[Result "0-1"]
[WhiteElo "2353"]
[BlackElo "2226"]
[TimeControl "180+2"]
[EndTime "13:34:38 PST"]
[Termination "kereswasbest won by resignation"]

1. e4 e5 2. Nf3 Nc6 3. Bb5 Nf6 4.
d3 d6 5. O-O Bd7 6. Re1 g6 7.
c3 Bg7 8. Nbd2 O-O 9. Nf1 h6 10. Ng3 a6 11. Ba4 Re8 12. h3 d5 13. exd5 Nxd5 14. Bb3 Be6 15. Ne4 Kh7 16. Nc5 Bc8 17. Nh2 b6 18. Qf3 Nce7 19. c4 bxc5 20. cxd5 Bb7 21. Be3 Bxd5 22. Bxd5 Qxd5 23. Qxd5 Nxd5 24.
Bxc5 Nf4 25. Rad1 Rad8 26. d4 e4 27. Ng4 f5 28. Ne5 Bxe5 29. dxe5 Nd3 0-1

[Event "*** MasterClass Titled Tuesday Blitz"]
[Site "Chess.com"]
[Date "2017.12.12"]
[Round "3"]
[White "Penguininja"]
[Black "saraswathii"]
[Result "1-0"]
[WhiteElo "2394"]
[BlackElo "2265"]
[TimeControl "180+2"]
[EndTime "13:34:39 PST"]
[Termination "Penguininja won by resignation"]

1. d4 Nf6 2. c4 g6 3. Nc3 Bg7 4. Nf3 d6 5. Bg5 O-O 6. e3 Nbd7 7. Be2 c6 8. Qc2 Qc7 9. O-O e5 10. Rfd1 Re8 11. Rac1 h6 12. Bh4 Nh7 13. e4 exd4 14. Nxd4 Nc5 15. Bg3 Be5 16. f4 Bg7 17. b4 Nd7 18.
Kh1 a6 19. a3 Ndf8 20. Rd2 Bd7 21. Rcd1 Rad8 22. Nb3 Bxc3 23. Qxc3 Rxe4 24. Bf3 Ree8 25.
Rxd6 Bf5 26. c5 Ne6 27. h3 Ng7 28. Na5 Nf8 29. Nc4 Rd7 30. Ne5 Rdd8 31. Bh4 Rc8 32. Bf6 Nge6 33. Nd7 Nxd7 34. Rxd7 Qxf4 35. Be5 Qh4 36.
Bf6 Qf4 37. Rxb7 Rc7 38. Be5 Qxe5 39. Qxe5 1-0

[Event "*** MasterClass Titled Tuesday Blitz"]
[Site "Chess.com"]
[Date "2017.12.12"]
[Round "3"]
[White "oogee"]
[Black "matiss90"]
[Result "0-1"]
[WhiteElo "2165"]
[BlackElo "2331"]
[TimeControl "180+2"]
[EndTime "13:34:44 PST"]
[Termination "matiss90 won by resignation"]

1. d4 Nf6 2. c4 g6 3. Nc3 Bg7 4. e4 O-O 5. Nf3 d6 6. Be2 Na6 7. O-O e5 8. Re1 c6 9. Rb1 Qe7 10. Bf1 Bg4 11. d5 Nc5 12. b4 Ncd7 13. Be3 a5 14. bxa5 Nc5 15. Bxc5 dxc5 16. dxc6 bxc6 17.
Qa4 Bxf3 18. gxf3 Rac8 19. Rb6 Nh5 20. Rxc6 Rxc6 21. Qxc6 Qg5+ 22. Kh1 Qd2 23. Re2 Qxc3 24. a6 Qc1 25. Kg1 Nf4 26. Re3 Rd8 27. a7 Rd1 28.
a8=Q+ Bf8 29. Qxf8+ Kxf8 30. Qxc5+ Kg8 31. Qc8+ Kg7 32.
h3 Rxf1+ 33. Kh2 0-1

[Event "*** MasterClass Titled Tuesday Blitz"]
[Site "Chess.com"]
[Date "2017.12.12"]
[Round "3"]
[White "evgenysharapov"]
[Black "Jbd735"]
[Result "1/2-1/2"]
[WhiteElo "2321"]
[BlackElo "2255"]
[TimeControl "180+2"]
[EndTime "13:34:50 PST"]
[Termination "Game drawn by repetition"]

1. e4 e5 2. Nf3 Nc6 3. Bb5 a6 4. Ba4 Nf6 5. O-O Be7 6. Re1 b5 7. Bb3 d6 8. c3 O-O 9. h3 Na5 10. Bc2 c5 11. d4 Qc7 12. d5 Nb7 13. b3 Nd8 14. Nbd2 Ne8 15. Nf1 g6 16. g4 f6 17.
Ng3 Ng7 18. Kh2 Nf7 19. Bd2 Bd7 20. Rg1 Kh8 21. Qe2 Rg8 22. Rg2 Raf8 23. Rf1 Qc8 24. Rfg1 f5 25. gxf5 gxf5 26. Nxf5 Nxf5 27. Rxg8+ Rxg8 28. Rxg8+ Kxg8 29. exf5 Bxf5 30. Bxf5 Qxf5 31. c4 e4 32. Ne1 bxc4 33. bxc4 Ne5 34. Bc3 Bf6 35. Bxe5 Bxe5+ 36. Kg2 h5 37. Nc2 Qg6+ 38. Kh1 Qf5 39.
Kg2 Qg6+ 40. Kh1 Qf5 41. Kg2 1/2-1/2

[Event "*** MasterClass Titled Tuesday Blitz"]
[Site "Chess.com"]
[Date "2017.12.12"]
[Round "3"]
[White "tango_argentino"]
[Black "aspired"]
[Result "0-1"]
[WhiteElo "2513"]
[BlackElo "2503"]
[TimeControl "180+2"]
[EndTime "13:34:51 PST"]
[Termination "aspired won by resignation"]

1. e4 e5 2. Nf3 Nc6 3. Bc4 Nf6 4. d3 h6 5. h3 g6 6. O-O Bg7 7. c3 O-O 8. b4 d5 9. exd5 Nxd5 10. Re1 Ndxb4 11.
Ba3 e4 12. Rxe4 Bf5 13. Re1 Bxd3 14. Bxd3 Qxd3 15. cxb4 Qxd1 16. Rxd1 Bxa1 17. b5 Rfd8 18. Nbd2 Nd4 19. Rxa1 Nc2 20. Bb2 Nxa1 21. Bxa1 Rd5 22. a4 Rad8 23. Bc3 Rd3 24. Bb4 f5 25. g3 b6 26. Kg2 a5 27. bxa6 c5 28. Ne5 cxb4 29. Nxd3 Rxd3 30. Nc4 Rd7 31. Nxb6 Ra7 32. Nc4 Rxa6 33.
a5 Kf7 34. Kf3 Ke6 35. Ke3 Kd5 36. Nb6+ Kc5 37. Nd7+ Kd6 38. Nb6 Kc5 39. Nd7+ Kb5 40. Kd4 Rd6+ 0-1

[Event "*** MasterClass Titled Tuesday Blitz"]
[Site "Chess.com"]
[Date "2017.12.12"]
[Round "3"]
[White "truki"]
[Black "biostatistician"]
[Result "1/2-1/2"]
[WhiteElo "2210"]
[BlackElo "2335"]
[TimeControl "180+2"]
[EndTime "13:34:56 PST"]
[Termination "Game drawn - insufficient material"]

1. d4 Nf6 2. Nf3 g6 3. c4 Bg7 4.
Nc3 O-O 5. e4 d6 6. Be2 e5 7.
Be3 Nbd7 8. O-O Ng4 9. Bg5 f6 10. Bh4 g5 11. Bg3 Nh6 12. dxe5 fxe5 13. Qd2 Nf7 14. h4 g4 15. Ng5 Bh6 16. Bxg4 Nxg5 17. hxg5 Bxg5 18. Qe2 Nf6 19. Bxc8 Rxc8 20. Rad1 Qe7 21.
Nd5 Nxd5 22. cxd5 Kh8 23. Rd3 Bf4 24. Qh5 Bxg3 25. Rxg3 Rg8 26. Rxg8+ Rxg8 27. Rc1 Qd7 28. g3 Rg6 29. Qf3 Kg8 30. Rc3 Rg7 31. Qf5 Qxf5 32. exf5 h5 33. Kg2 Kh7 34. Kh3 Kh6 35. f3 Kg5 36. g4 Rh7 37. Kg3 a5 38. Rc4 b5 39.
Re4 hxg4 40. fxg4 Rh1 41. a4 Rb1 42. axb5 Rxb2 43. Rc4 Rb3+ 44. Kg2 Rxb5 45. Rxc7 Kxg4 46. f6 Rb2+ 47. Kf1 Rb4 48. Ke2 Rf4 49. f7 a4 50.
Rd7 a3 51. Rxd6 Rxf7 52. Ra6 Rd7 53. Ke3 Rxd5 54. Ke4 Rd4+ 55. Kxe5 Rd3 56. Ke4 Rg3 57. Kd4 Kf4 58. Kc4 Ke4 59. Kb4 Kd4 60. Rxa3 Rxa3 61. Kxa3 1/2-1/2

[Event "*** MasterClass Titled Tuesday Blitz"]
[Site "Chess.com"]
[Date "2017.12.12"]
[Round "3"]
[White "wonderfultime"]
[Black "Taron_Shagbazyan"]
[Result "1-0"]
[WhiteElo "2720"]
[BlackElo "2514"]
[TimeControl "180+2"]
[EndTime "13:34:58 PST"]
[Termination "wonderfultime won by resignation"]

1. d4 d5 2. Bf4 c6 3. e3 Qb6 4.
Qc1 Bf5 5. c4 e6 6. Nc3 Na6 7.
a3 dxc4 8. Bxc4 Nf6 9. Nf3 Be7 10. O-O h6 11. b4 Kf8 12. Re1 Nd5 13. Bg3 Bh7 14. Ne5 Nb8 15. e4 Nf6 16. Qe3 Nbd7 17. Nd3 Ng4 18. Qf3 Qxd4 19. Bxe6 Ngf6 20. Bxd7 Nxd7 21.
Rac1 Re8 22. Red1 Qf6 23. Qe3 Nb6 24. Nc5 Bxc5 25. Qxc5+ Kg8 26. f3 h5 27. h4 Bg6 28. a4 Kh7 29. a5 Nc8 30. Ne2 Rd8 31.
Kh2 b6 32. axb6 axb6 33. Qc4 Na7 34. Nf4 Rxd1 35. Rxd1 Rd8 36. Rc1 Rc8 37. Qa6 Qe7 38. Qxb6 Nb5 39. Nd3 Nd6 40. Rxc6 1-0

[Event "*** MasterClass Titled Tuesday Blitz"]
[Site "Chess.com"]
[Date "2017.12.12"]
[Round "3"]
[White "arna"]
[Black "benhal"]
[Result "0-1"]
[WhiteElo "2136"]
[BlackElo "2273"]
[TimeControl "180+2"]
[EndTime "13:35:00 PST"]
[Termination "benhal won by checkmate"]

1. e4 e5 2. d4 exd4 3. c3 Nc6 4.
Bc4 Nf6 5. Nf3 Nxe4 6. Qb3 Nd6 7.
Bd3 Be7 8. cxd4 O-O 9. O-O Bf6 10.
Be3 Ne7 11. Qc2 g6 12. Bf4 Ndf5 13. Bxc7 Qe8 14. Be5 Bxe5 15. dxe5 d5 16. exd6 Nxd6 17. Re1 Bf5 18. Nc3 Rd8 19. Rad1 h5 20. Nd5 Nxd5 21. Rxe8 Rfxe8 22. Bxf5 Nxf5 23. h3 Nf4 24. Rxd8 Rxd8 25. Qc7 Rd1+ 26. Kh2 Nd3 27. Ng5 Nh6 28. Kg3 h4+ 29.
Kxh4 Nf5+ 30. Kg4 Nh6+ 31. Kf3 Ne1+ 32. Ke2 Rb1 33. Qc8+ Kg7 34. Ne4 Nxg2 35. Qc3+ Kg8 36. Nf6+ Kf8 37. Nh7+ Kg8 38. Nf6+ Kf8 39. Nd7+ Ke7 40.
Nc5 Nf4+ 41. Kf3 Ne6 42. Nxe6 fxe6 43. Qc7+ Kf6 44. Qxb7 Nf5 45. a3 Nd4+ 46. Ke4 Nf5 47. b4 Re1+ 48. Kf4 Nd4 49. Qxa7 g5+ 50. Kg3 Rg1+ 51.
Kh2 Nf3# 0-1

[Event "*** MasterClass Titled Tuesday Blitz"]
[Site "Chess.com"]
[Date "2017.12.12"]
[Round "3"]
[White "Veiso"]
[Black "MFBerna"]
[Result "0-1"]
[WhiteElo "2226"]
[BlackElo "2285"]
[TimeControl "180+2"]
[EndTime "13:35:04 PST"]
[Termination "MFBerna won by checkmate"]

1. d4 Nf6 2. Nf3 e6 3. c4 d5 4.
g3 Be7 5. Bg2 O-O 6. O-O dxc4 7.
Ne5 c5 8. dxc5 Qc7 9. Nxc4 Qxc5 10. b3 Nc6 11. Ba3 Nb4 12. Nc3 Rd8 13. Qc1 Rb8 14.
Rd1 Bd7 15. e4 Bc6 16. e5 Rxd1+ 17. Qxd1 Rd8 18. Qe2 Bxg2 19. exf6 Bxf6 20. Rd1 Rxd1+ 21. Qxd1 Bc6 22. Qd2 Bxc3 23. Qxc3 Qd5 24. f3 Qd1+ 25.
Kf2 Nd3+ 26. Ke3 Qxf3+ 27. Kd2 Be4 28. Ne3 Qf2+ 29. Kd1 Bf3# 0-1

[Event "*** MasterClass Titled Tuesday Blitz"]
[Site "Chess.com"]
[Date "2017.12.12"]
[Round "3"]
[White "Hanging_pointer"]
[Black "ristingho"]
[Result "0-1"]
[WhiteElo "2280"]
[BlackElo "2330"]
[TimeControl "180+2"]
[EndTime "13:35:11 PST"]
[Termination "ristingho won on time"]

1. e4 c6 2. d4 d5 3. e5 Bf5 4. Nf3 e6 5. Be2 c5 6. c4 dxc4 7. O-O Nc6 8. Bxc4 cxd4 9. Bb5 Bc5 10. b4 Bb6 11. Bb2 d3 12. Nbd2 Ne7 13. Nh4 O-O 14. a3 a6 15. Bc4 Rc8 16. Qf3 Nd4 17. Qxb7 Ne2+ 18. Kh1 a5 19. Nxf5 Nxf5 20. Qf3 axb4 21. axb4 Bd4 22. Bxd4 Nexd4 23. Qxd3 Qh4 24. Rac1 Rcd8 25.
Qe4 Qh6 26. Nf3 Nxf3 27. Qxf3 Rd4 28. Bd3 Nh4 29. Qe2 Rxb4 30. Be4 Ng6 31. Bxg6 Qxg6 32.
Rce1 Rg4 0-1

[Event "*** MasterClass Titled Tuesday Blitz"]
[Site "Chess.com"]
[Date "2017.12.12"]
[Round "3"]
[White "GameOverBro"]
[Black "champ1000"]
[Result "1-0"]
[WhiteElo "2253"]
[BlackElo "2247"]
[TimeControl "180+2"]
[EndTime "13:35:15 PST"]
[Termination "GameOverBro won by resignation"]

1. e4 c5 2. Ne2 g6 3. Nbc3 Bg7 4. d4 cxd4 5. Nxd4 d6 6. g3 Nf6 7. Bg2 Nc6 8. Nde2 O-O 9. O-O Bd7 10. h3 a6 11. a4 Rb8 12. Nd5 b5 13. axb5 axb5 14.
c3 Be6 15. Nef4 Bxd5 16. Nxd5 Nd7 17. Ra6 Nce5 18. Qe2 Nc5 19. Ra7 Nc6 20. Ra2 e6 21. Nb4 Nxb4 22. cxb4 Na4 23. Rd1 Qc7 24. Bf4 Rfd8 25.
Qd2 Qc4 26. Rda1 Rb6 27. h4 d5 28. exd5 exd5 29. Bg5 Rd7 30. h5 Bf8 31. Bh3 f5 32.
h6 Re6 33. Bf1 Qxb4 34. Qxb4 Bxb4 35. Bxb5 Nb6 36. Bxd7 Nxd7 37. Ra8+ Nf8 38. R1a7 d4 39. Rg7+ Kh8 40. Bd2 Bd6 41. Rd8 g5 42. Bxg5 Rg6 43.
Rxg6 hxg6 44. Rxd6 1-0

[Event "*** MasterClass Titled Tuesday Blitz"]
[Site "Chess.com"]
[Date "2017.12.12"]
[Round "3"]
[White "Msb2"]
[Black "Babbelbox"]
[Result "1-0"]
[WhiteElo "2666"]
[BlackElo "2423"]
[TimeControl "180+2"]
[EndTime "13:35:15 PST"]
[Termination "Msb2 won by resignation"]

1. d4 Nf6 2. c4 e6 3. Nf3 d5 4. Nc3 Bb4 5. cxd5 exd5 6. Bg5 h6 7. Bh4 Bf5 8. Qb3 Nc6 9. Bxf6 Qxf6 10. e3 O-O 11.
Bb5 Be4 12. Be2 a5 13. O-O a4 14. Nxa4 Bd6 15. Nc3 Nb4 16. Nxe4 dxe4 17. Nd2 Rfe8 18. a3 Nc6 19. Qc2 Qe7 20. Bb5 Ra5 21. a4 Nb4 22.
Qb3 c6 23. Be2 Rg5 24. f4 exf3 25. Rxf3 Nd5 26. Nf1 Nf6 27. Bd3 Rh5 28. e4 Bb8 29. e5 Nd5 30. Ng3 Rh4 31. Nf5 Qg5 32. Nxh4 Qxh4 33.
Qxb7 Qxd4+ 34. Kh1 Qxe5 35. Qxf7+ Kh8 36. g3 Nf6 37.
Rxf6 1-0

[Event "*** MasterClass Titled Tuesday Blitz"]
[Site "Chess.com"]
[Date "2017.12.12"]
[Round "3"]
[White "pKiLz5Rn9b"]
[Black "gemarin"]
[Result "0-1"]
[WhiteElo "2594"]
[BlackElo "1840"]
[TimeControl "180+2"]
[EndTime "13:35:28 PST"]
[Termination "gemarin won on time"]

1. b3 d5 2. Bb2 c6 3. Nf3 Nf6 4. g3 Bg4 5. Bg2 e6 6. O-O Nbd7 7.
h3 Bh5 8. d3 Be7 9. Nbd2 O-O 10.
e4 dxe4 11. dxe4 Qc7 12. Qe2 e5 13. Rfe1 Rfe8 14. Qf1 a5 15. a4 Bb4 16. c3 Bf8 17. Nh4 Rad8 18. Rab1 Nc5 19. Bc1 Nd3 20. Re3 Qd7 21.
Nc4 Bc5 22. Bd2 Bxe3 23. Bxe3 b5 24. axb5 cxb5 25. Nxa5 Qc7 26. b4 Qxc3 27. Nb7 Ra8 28. Nd6 Reb8 29. Nhf5 Ra4 30. g4 Bg6 31. Rd1 Nxb4 32.
Rc1 Nc2 33. Qe2 Ra1 34. Rxa1 Qxa1+ 35. Kh2 Nxe3 36. Qxe3 Bxf5 37. Nxf5 b4 38. Qg5 Ne8 39. Ne7+ Kf8 40. Nc6 Rb7 41. Qd8 Qc3 42. Nb8 Qc7 0-1

[Event "*** MasterClass Titled Tuesday Blitz"]
[Site "Chess.com"]
[Date "2017.12.12"]
[Round "3"]
[White "dusanacns"]
[Black "RitvarsReimanis"]
[Result "0-1"]
[WhiteElo "2601"]
[BlackElo "2467"]
[TimeControl "180+2"]
[EndTime "13:35:36 PST"]
[Termination "RitvarsReimanis won by resignation"]

1. d4 d5 2. Bf4 e6 3. e3 f5 4. Nd2 Bd6 5. Ngf3 Nf6 6. Bd3 O-O 7. h3 Nbd7 8. g4 Ne4 9. c3 Qe7 10. Ne5 c5 11. Nxd7 Bxd7 12. Bxd6 Qxd6 13. Qe2 c4 14. Bc2 b5 15. Nf3 b4 16. Bxe4 fxe4 17. Ne5 bxc3 18. bxc3 Rab8 19. O-O Ba4 20. Rab1 Qa3 21. Qd2 a5 22. Kg2 Rfe8 23. Rfc1 Rf8 24. f4 exf3+ 25.
Nxf3 Qe7 26. Ne5 Qa3 27. Kg3 g6 28. h4 Qe7 29. Rxb8 Rxb8 30. Rf1 Rf8 31. Rf4 Rxf4 32. exf4 Qa3 33. f5 exf5 34. gxf5 Qd6 35. Qf4 gxf5 36. Qg5+ Kh8 37. Kf2 Be8 38. Qxf5 Kg8 39. Qg5+ Kf8 40.
Kg3 h6 41. Qf4+ Kg7 42. Ng4 Qe6 43. Qe5+ Qxe5+ 44. dxe5 d4 45. cxd4 c3 46. Ne3 Bg6 47. h5 c2 48. Nxc2 Bxc2 49. d5 Be4 50. d6 Kf7 0-1

[Event "*** MasterClass Titled Tuesday Blitz"]
[Site "Chess.com"]
[Date "2017.12.12"]
[Round "3"]
[White "1random"]
[Black "PinguInTheCity"]
[Result "1-0"]
[WhiteElo "2144"]
[BlackElo "1995"]
[TimeControl "180+2"]
[EndTime "13:35:36 PST"]
[Termination "1random won on time"]

1. e4 e5 2. Nf3 Nc6 3. Nc3 Bc5 4. Nxe5 Nxe5 5. d4 Bd6 6. dxe5 Bxe5 7. Bd3 d6 8. O-O Nf6 9. Ne2 Nd7 10. c3 O-O 11.
Nd4 Re8 12. f4 Bf6 13. Qf3 c6 14. Kh1 Nf8 15. Be3 Ng6 16. Rad1 Qe7 17. Bf2 Bd7 18. Rfe1 Qf8 19. Bc2 Rad8 20. g3 c5 21. Nf5 Bc6 22.
Ne3 Ne7 23. Bb3 b5 24. Nd5 c4 25. Nxf6+ gxf6 26. Bc2 f5 27. Kg1 a6 28. Qh5 fxe4 29.
Bxe4 Bxe4 30. Rxe4 d5 31. Re5 f6 32. Re6 Qf7 33.
Qg4+ Kh8 34. Bd4 Ng8 35. Rde1 Rf8 36. Qf5 1-0

[Event "*** MasterClass Titled Tuesday Blitz"]
[Site "Chess.com"]
[Date "2017.12.12"]
[Round "3"]
[White "Apocalyps999"]
[Black "lucasmito"]
[Result "1-0"]
[WhiteElo "2428"]
[BlackElo "2234"]
[TimeControl "180+2"]
[EndTime "13:35:39 PST"]
[Termination "Apocalyps999 won by checkmate"]

1. e4 e5 2. Nf3 Nc6 3. Bc4 Nf6 4. d3 Bc5 5. c3 d6 6. O-O a6 7. Bb3 Ba7 8. Nbd2 O-O 9. h3 h6 10. Re1 Re8 11. Nf1 Be6 12. Bc2 d5 13. Qe2 dxe4 14.
dxe4 Nd7 15. g4 Qf6 16. Ng3 Rad8 17. Kg2 Qg6 18. Nh4 Qf6 19. Nhf5 Bxf5 20. exf5 Qh4 21. b4 Nf6 22. Qf3 Nd5 23. Be4 Nf4+ 24. Bxf4 exf4 25. Qxf4 Ne5 26. Rad1 Rxd1 27. Rxd1 b5 28. Bd5 Nc4 29.
Qxc7 Bxf2 30. Qxf7+ Kh7 31. Qg6+ Kh8 32. Qxe8+ Kh7 33.
Qg8# 1-0

[Event "*** MasterClass Titled Tuesday Blitz"]
[Site "Chess.com"]
[Date "2017.12.12"]
[Round "3"]
[White "mazetofonias"]
[Black "FMJoseHerrera"]
[Result "1-0"]
[WhiteElo "2479"]
[BlackElo "2439"]
[TimeControl "180+2"]
[EndTime "13:35:40 PST"]
[Termination "mazetofonias won by checkmate"]

1. d4 Nf6 2. Nf3 g6 3. Bg5 Bg7 4. Nbd2 O-O 5. c3 d6 6. e3 Nbd7 7. Be2 a6 8. O-O Rb8 9. Re1 b5 10. e4 Bb7 11. Bf1 e5 12. dxe5 dxe5 13. Qc2 Qe8 14.
a4 Nc5 15. axb5 axb5 16. Ra5 Bc6 17. Bh4 Nh5 18. b4 Nb7 19. Ra3 Nd6 20. Nb3 Nf4 21. Nc5 f5 22. Nd2 Kh8 23. Ra6 Rb6 24. Ra7 fxe4 25.
Ndxe4 Nf5 26. Bg3 Nxg3 27. hxg3 Nd5 28. Be2 Qb8 29. Rea1 Qc8 30. Bf3 Qf5 31. Qe2 g5 32. Bg4 Qg6 33. Ne6 Rf7 34. Ra8+ Bxa8 35. Rxa8+ Bf8 36. Nxf8 Rxf8 37. Rxf8+ Kg7 38. Ra8 Qc6 39. Ra3 h6 40. Bf3 Ra6 41. Rxa6 Qxa6 42. Nxg5 Qa1+ 43. Kh2 Nf6 44. Ne4 Nd5 45. Qxb5 Qa2 46. Qd7+ Kg6 47. Bh5+ Kxh5 48. Qf5# 1-0

[Event "*** MasterClass Titled Tuesday Blitz"]
[Site "Chess.com"]
[Date "2017.12.12"]
[Round "3"]
[White "JSMastropiero"]
[Black "Marcin"]
[Result "1-0"]
[WhiteElo "2308"]
[BlackElo "2185"]
[TimeControl "180+2"]
[EndTime "13:35:43 PST"]
[Termination "JSMastropiero won by checkmate"]

1. d4 d5 2. c4 c6 3. Nf3 Nf6 4. Nc3 a6 5. g3 dxc4 6. Bg2 e6 7. O-O Be7 8. Ne5 O-O 9. Nxc4 b5 10.
Ne5 Bb7 11. Bf4 Nd5 12. Rc1 Nxf4 13. gxf4 Qb6 14. Ne4 Rd8 15. e3 Nd7 16. Nd3 Nf6 17.
Nec5 Rac8 18. Qb3 Nd5 19. Rfd1 h6 20. e4 Nf6 21. Nxe6 Re8 22. Ne5 fxe6 23. Qxe6+ Kh7 24. Qf5+ Kg8 25. Rc3 Bf8 26. Rg3 c5 27. d5 Rcd8 28.
Qg6 Re6 29. Nf7 Nxd5 30. Nxh6+ Kh8 31. Nf7+ Kg8 32. Qg5 Rd7 33. exd5 Rf6 34. Ne5 Rd8 35.
d6 Bxg2 36. Rxg2 Rdxd6 37. Rxd6 Qxd6 38. h4 Qd1+ 39. Kh2 Rh6 40. Qxh6 Qd2 41. Qe6+ Kh7 42.
Qf5+ Kg8 43. Qf7+ Kh7 44. Qxf8 Qe2 45. Qxg7# 1-0

[Event "*** MasterClass Titled Tuesday Blitz"]
[Site "Chess.com"]
[Date "2017.12.12"]
[Round "3"]
[White "windking123"]
[Black "Bryakin_Mikhail"]
[Result "1-0"]
[WhiteElo "2379"]
[BlackElo "2542"]
[TimeControl "180+2"]
[EndTime "13:35:44 PST"]
[Termination "windking123 won by resignation"]

1. e4 c5 2. d4 cxd4 3. c3 Nf6 4. e5 Nd5 5. cxd4 d6 6. Nf3 Nc6 7. Be2 dxe5 8. dxe5 e6 9. O-O Qc7 10. Nc3 Nxc3 11. bxc3 Nxe5 12. Nxe5 Qxe5 13. Rb1 a6 14.
Bf3 Qc7 15. Qa4+ Bd7 16. Qd4 Bc6 17. Bf4 Qc8 18. Bxc6+ Qxc6 19. Rfd1 f6 20. Rb6 Qc8 21. Qa4+ Kf7 22. Rd7+ Be7 23. Rbxb7 Re8 24. Qb4 Kg6 25. Rxe7 Rxe7 26. Qxe7 Qg8 27. h4 h5 28. Be3 Rc8 29.
Rc7 Rb8 30. Kh2 Rb5 31. Rc6 Qb8+ 32. g3 Re5 33. Rc7 Qg8 34. Qd6 Qa8 35. Qe7 Qg8 36. c4 Re4 37. c5 Rc4 38. c6 Rc2 39. a4 Rc4 40. a5 Rc2 41. Bb6 Kh6 42. Qd7 Qh7 43.
Be3+ Kg6 44. Qd3+ f5 45. Qxc2 1-0